 Dungeon Crawl Stone Soup version bcrawl-1.21.2-28-g2cb1824106 (webtiles) character file.

Game seed: 1625506242006337776

65 MisterOstroum the Changer (level 3, 18/18 HPs)
             Began as a Spriggan Transmuter on Mar 7, 2020.
             Quit the game on level 4 of the Dungeon.
             The game lasted 00:07:25 (4578 turns).

MisterOstroum the Changer (Spriggan Transmuter)     Turns: 4578, Time: 00:07:26

Health: 18/18      AC:  2    Str:  6    XL:     3   Next: 92%
Magic:  6/8        EV: 18    Int: 15    God:
Gold:   275        SH:  0    Dex: 16    Spells: 2/8 levels left

rFire    . . .     SeeInvis +     - Unarmed
rCold    . . .     Gourm    .   (shield restricted)
rNeg     . . .     Faith    .   b - +0 robe
rPois    .         Spirit   .   (helmet restricted)
rElec    .         Reflect  .   (no cloak)
rCorr    .         Harm     .   (gloves unavailable)
MR       .....                  (boots unavailable)
Stlth    ++........             (no amulet)
HPRegen  0.06/turn              (no ring)
MPRegen  0.11/turn              (no ring)

@: very quick
A: very small, unfitting armour, see invisible, herbivore, speed 3, slow
metabolism 2
a: no special abilities


You were on level 4 of the Dungeon.
You were not hungry.

You visited 1 branch of the dungeon, and saw 4 of its levels.

You collected 275 gold pieces.

Inventory:

Hand Weapons
 k - a +0 dagger
 u - a +0 blowgun
 v - a +0 dagger of flaming
Missiles
 a - 458 arrows
 f - 272 bolts
 l - 754 stones (quivered)
 p - 113 poisoned needles
Armour
 b - a +0 robe (worn)
Jewellery
 s - an uncursed ring of wizardry {unknown}
Wands
 w - a wand of disintegration (14)
 x - a wand of flame (10)
Scrolls
 c - a scroll of amnesia {unknown}
 g - a scroll of fog {unknown}
 i - 5 scrolls of remove curse
 j - a scroll of identify {@r1}
 m - a scroll of fear {unknown}
Potions
 d - 2 potions of lignification {@q6}
 h - a potion of mutation {unknown}
 n - a potion of ambrosia {unknown}
 o - a potion of curing
 q - a potion of flight {unknown}
 r - a potion of berserk rage {unknown}
 t - 2 potions of resistance
 z - a potion of haste {unknown}
 A - a potion of heal wounds {unknown}
Comestibles
 e - 6 rations {!d}


   Skills:
 + Level 1.2 Fighting
 - Level 3.0 Dodging
 - Level 3.0 Stealth
 + Level 2.7 Unarmed Combat
 * Level 3.0 Spellcasting
 * Level 3.9 Transmutations
 + Level 0.1 Poison Magic


You had 2 spell levels left.
You knew the following spells:

 Your Spells              Type           Power        Failure   Level  Hunger
a - Beastly Appendage     Tmut           ##....       4%          1    #......
b - Sticks to Snakes      Tmut           ##......     6%          2    ##.....
c - Spider Form           Tmut/Pois      #..          26%         3    ###....

Your spell library contained the following spells:

 Spells                   Type           Power        Failure   Level  Hunger
 Ice Form                 Ice/Tmut       #.......     65%         4    #####..
 Blade Hands              Tmut           ##........   73%         5    ######.


Dungeon Overview and Level Annotations

Branches:
Dungeon (4/12)
 Temple: D:4-7

Altars:
Trog

Annotations:
D:4 Menkaure


Innate Abilities, Weirdness & Mutations

You are very small and have problems with some larger weapons.
You are too small for most types of armour.
You have supernaturally acute eyesight. (SInv)
You are a herbivore.
You cover ground extremely quickly.
You need to consume almost no food.


Message History

The crimson imp hits you.
You barely miss the crimson imp. Your kick misses the crimson imp.
The crimson imp is moderately wounded.
Your transformation is almost over.
The crimson imp sputters.
The crimson imp completely misses you. The crimson imp misses you.
The crimson imp hits you but does no damage.
There is an open door here.
You close the door.
A crimson imp opens the door.
There is a stone staircase leading down here.
You climb downwards.
You hear the sound of rushing water.
There is an entrance to a sewer on this level.
Hurry and find it before the portal rusts away!
Menkaure, Prince of Dust comes into view.
Your talons disappear.
Found 19 gold pieces.
There is a stone staircase leading up here.
No path to travel!
No path to travel!
No path to travel!
Press: ? - help, v - describe, . - travel
Here: Menkaure (resting)
The floor.
Placed new exclusion.
A crimson imp comes into view.
The crimson imp shouts!
You see here 19 gold pieces.
You now have 275 gold pieces (gained 19).
You open the door.
The crimson imp blinks!
Found a bubbling cyan potion.
There is an open door here.
You close the door.
A crimson imp opens the door.
The crimson imp blinks!
The crimson imp blinks!
The crimson imp blinks!
You see here a bubbling cyan potion.
A - a bubbling cyan potion The crimson imp closely misses you.
The crimson imp closely misses you.
You hear the slow rusting of a distant drain.
You open the door.
Found a ring mail.
There is an open door here.
You close the door.
A crimson imp opens the door.
Found a stone staircase leading down.
A jackal zombie comes into view.
A scorpion comes into view.
Casting: Beastly Appendage (safe; 4% risk of failure)
Confirm with . or Enter, or press ? or * to list all spells.
Okay, then.
Casting: Beastly Appendage (safe; 4% risk of failure)
Confirm with . or Enter, or press ? or * to list all spells.
You miscast Spider Form.
You are very lightly contaminated with residual magic.
You feel slightly ill.
Casting: Spider Form (safe; 26% risk of failure)
Confirm with . or Enter, or press ? or * to list all spells.
You turn into a venomous arachnid creature.
Your +0 robe melds into your body.
The crimson imp blinks!
The crimson imp blinks!
The scorpion misses you.
You barely miss the scorpion. The scorpion stings you.
You are lethally poisoned!
The scorpion poisons you!
You hit the scorpion.
The scorpion is moderately wounded.
You feel sick. The scorpion stings you.
You barely miss the scorpion.
The scorpion is moderately wounded.
You feel sick. The scorpion closely misses you.
You feel better.
Your transformation is almost over.
The scorpion completely misses you.
The crimson imp blinks!
The crimson imp blinks!
You open the door. The jackal zombie misses you.
There is an open door here.
The crimson imp picks up a beetle and eats it.
The jackal zombie misses you.
Your transformation has ended.
Your +0 robe unmelds from your body.
You open the door.
Your magical contamination has completely faded away.
There is an open door here.
You close the door.
Found a stone staircase leading down.
Found 158 stones.
l - 754 stones (gained 158)
A frilled lizard comes into view.
You hear the slow rusting of a very distant drain.
The helpless frilled lizard fails to defend itself.
You hit the frilled lizard.
You kill the frilled lizard!
No target in view!
No target in view!
No target in view!
Are you sure you want to abandon this character and quit the game? (Confirm with "yes".)

.. ...
....
#####....
#........
#@.......
+........
#....####
#....#
...
#....# ..
#....# .
#....#
##+###
#....#
#....#
#....#
+....#


There were no monsters in sight!

Vanquished Creatures
  An adder (D:3)
  A dart slug (D:3)
  2 leopard geckos
  2 orcs (D:3)
  A giant cockroach (D:1)
  5 hobgoblins
  2 jackals
  7 kobolds
  3 quokkas
  A ball python (D:1)
  4 bats (D:1)
  6 frilled lizards
  2 goblins
  4 rats
41 creatures vanquished.

Vanquished Creatures (collateral kills)
  2 worms
  3 hobgoblins (D:2)
  3 jackals
  A frilled lizard (D:2)
  A rat (D:2)
10 creatures vanquished.

Grand Total: 51 creatures vanquished

Notes
Turn   | Place    | Note
-------+----------+-------------------------------------------
     0 | D:1      | MisterOstroum the Spriggan Transmuter began the quest for
                  | the Orb.
     0 | D:1      | Reached XP level 1. HP: 9/9 MP: 5/5
   422 | D:1      | Reached skill level 1 in Fighting
   602 | D:1      | Reached XP level 2. HP: 13/14 MP: 4/6
  1485 | D:1      | Learned a level 2 spell: Sticks to Snakes
  2037 | D:2      | Reached skill level 1 in Stealth
  2699 | D:2      | Reached XP level 3. HP: 15/18 MP: 6/8
  2750 | D:2      | Found a bloodstained altar of Trog.
  3032 | D:2      | Learned a level 3 spell: Spider Form
  4484 | D:4      | Noticed Menkaure
  4525 | D:4      | Noticed a scorpion
  4578 | D:4      | Quit the game

Skill      XL: |  1  2  3 |
---------------+----------+-----
Transmutations | 3 |  3.9
Fighting       | 1 |  1.2
Stealth        | 1 3 |  3.0
Spellcasting   | 3 |  3.0
Dodging        | |  3.0
Unarmed Combat | |  2.7
Poison Magic   | |  0.1

Action                   || total
-------------------------++-------
Melee: Unarmed           ||   155
       Dagger            ||   117
       Kick              ||    12
       Headbutt          ||     6
       Punch             ||     2
Throw: Stone             ||     6
 Cast: Beastly Appendage ||    18
       Sticks to Snakes  ||    11
       Spider Form       ||     1
  Use: Potion            ||     3
       Scroll            ||     2
 Stab: Sleeping          ||     5
  Eat: Ration            ||     1
Armor: Robe              ||    21
       Skin              ||     6
Dodge: Dodged            ||   248
